 Dungeon Crawl Stone Soup version 0.29-a0-275-g389c0b56f3 (webtiles) character file.

Game seed: 10122993576690200175

349 Anunax the Magician (level 6, -3/28 HPs)
             Began as a Spriggan Conjurer on Mar 10, 2022.
             Killed by divine providence
             ... invoked by an orc priest
              (14 damage)
             ... on level 4 of the Dungeon.
             The game lasted 00:19:52 (4741 turns).

Anunax the Magician (Spriggan Conjurer)             Turns: 4741, Time: 00:19:52

Health: -3/28      AC:  2    Str:  3    XL:     6   Next: 33%
Magic:  12/14      EV: 17    Int: 22    God:
Gold:   192        SH:  0    Dex: 13    Spells: 14/15 levels left

rFire   . . .      SeeInvis +   s - +2 quarterstaff (chaos)
rCold   . . .      Faith    .   (shield currently unavailable)
rNeg    . . .      Spirit   .   a - +0 robe
rPois   .          Reflect  .   (helmet restricted)
rElec   .          Harm     .   (no cloak)
rCorr   .          Rampage  .   (gloves unavailable)
Will    +....                   (boots unavailable)
Stlth   ++........              (no amulet)
HPRegen 0.09/turn               m - ring of flight
MPRegen 0.14/turn               h - ring of wizardry

@: flying, very quick
A: very small, no large weapons, unfitting armour, see invisible, speed 3
a: no special abilities


You were on level 4 of the Dungeon.
You visited 1 branch of the dungeon, and saw 4 of its levels.

You collected 192 gold pieces.

Inventory:

Hand Weapons
 d - a +0 dagger
 o - a +3 dagger of speed
 s - a +2 quarterstaff of chaos (weapon)
Armour
 a - a +0 robe (worn)
 i - a +0 pair of boots
Jewellery
 f - a ring of protection from cold
 h - a ring of wizardry (right hand)
 l - an amulet of faith
 m - a ring of flight (left hand)
 u - a ring of protection from fire
 v - a ring of protection from cold
Scrolls
 c - 2 scrolls of identify {unknown}
 e - a scroll of silence {unknown}
 g - a scroll of noise {unknown}
 k - a scroll of immolation {unknown}
 r - a scroll of teleportation {unknown}
 t - a scroll of summoning {unknown}
Potions
 b - a potion of attraction {unknown}
 j - 2 potions of cancellation {unknown}
 n - 2 potions of heal wounds {unknown}
 p - a potion of berserk rage {unknown}
 q - a potion of mutation {unknown}
 w - 2 potions of curing


   Skills:
 + Level 0.1 Fighting
 + Level 0.2 Staves
 + Level 3.5 Dodging
 + Level 3.7 Stealth
 + Level 5.2 Spellcasting
 + Level 4.6 Conjurations


You had 14 spell levels left.
You knew the following spells:

 Your Spells              Type           Power      Damage    Failure   Level
a - Magic Dart            Conj           100%       1d8       1%          1

Your spell library contained the following spells:

 Spells                   Type           Power      Damage    Failure   Level
 Searing Ray              Conj           52%        2d6       1%          2
 Dazzling Flash           Conj/Hex       30%        N/A       4%          3
 Gell's Gravitas          Tloc           5%         N/A       12%         3
 Inner Flame              Hex/Fire       5%         N/A       12%         3
 Teleport Other           Tloc           5%         N/A       12%         3
 Fulminant Prism          Conj/Hex       7%         3d7       16%         4
 Iskenderun's Mystic Bla  Conj/Tloc      15%        2d5       16%         4
 Cause Fear               Hex            2%         N/A       36%         4
 Dispersal                Tloc           2%         N/A       99%         6
 Discord                  Hex            2%         N/A       100%        8


Dungeon Overview and Level Annotations

Branches:
Dungeon (4/15)             Temple (0/1) D:4

Altars:


Innate Abilities, Weirdness & Mutations

You are very small and have problems with some larger weapons.
You are too small for most types of armour.
You have supernaturally acute eyesight. (SInv)
You cover ground extremely quickly. (Speed+++)


Message History

Magic restored.
You see here a +0 short sword.
There is a stone staircase leading down here.
You fly downwards.
The orc priest barely misses you. The orc hits you with a +0 war axe.
The orc hits you with a +0 war axe!
There is a stone staircase leading up, spattered with blood here.
Casting: Magic Dart (safe; 1% risk of failure)
Confirm with . or Enter, or press ? or * to list all spells.
Aiming: Magic Dart (safe; 1% risk of failure)
Press: ? - help, Shift-Dir - straight line, f - orc
Aim: an orc, wielding a +0 war axe and wearing a +0 ring mail (100% to hit)
The magic dart hits the orc but does no damage.
Casting: Magic Dart (safe; 1% risk of failure)
Confirm with . or Enter, or press ? or * to list all spells.
Aiming: Magic Dart (safe; 1% risk of failure)
Press: ? - help, Shift-Dir - straight line, f/p - orc
Aim: an orc, wielding a +0 war axe and wearing a +0 ring mail (100% to hit)
The magic dart hits the orc.
The orc is almost dead.
Casting: Magic Dart (safe; 1% risk of failure)
Confirm with . or Enter, or press ? or * to list all spells.
Aiming: Magic Dart (safe; 1% risk of failure)
Press: ? - help, Shift-Dir - straight line, f/p - orc
Aim: an orc, wielding a +0 war axe and wearing a +0 ring mail (almost dead, 100% to hit)
The magic dart hits the orc.
You kill the orc!
You sock the orc priest! You drain the orc priest.
The orc priest is almost dead.
The orc priest mumbles some strange prayers to Beogh against you.
Pain shoots through your body!
The orc priest looks braver for a moment.
You barely miss the orc priest.
The orc priest is almost dead.
The orc priest closely misses you.
You hit the orc priest.
You kill the orc priest!
The orc priest calls down the wrath of Beogh upon you.
Beogh smites you!
Ouch! That really hurt!
You die...

....###.### ###.##....
.....#....## #..........
....<......###h..##..#..
..................#.....
............##..........
..........o.#####......^
...........).# .......
........##..<####......#
...........#..##@.......
....###...##..o)#.....##
. ..... ###.##....##
....#. #.# ...## ....##
... ..## ... .#..#..#
..#..#### #. ...# #.
....


You could see an orc priest.

Vanquished Creatures
  A black bear (D:3)
  An orc priest (D:4)
  Crazy Yiuf (D:2)
  Jessica (D:2)
  Terence (D:3)
  2 orc wizards (D:3)
  Robin (D:3)
  An adder (D:2)
  5 worms
  A dart slug (D:2)
  8 orcs
  4 ball pythons
  8 endoplasms
  A giant cockroach (D:3)
  14 goblins
  10 hobgoblins
  4 jackals (D:2)
  6 kobolds
  3 quokkas
  3 bats
  3 frilled lizards
  6 rats
85 creatures vanquished.

Notes
Turn   | Place    | Note
-------+----------+-------------------------------------------
     0 | D:1      | Anunax the Spriggan Conjurer began the quest for the Orb.
     0 | D:1      | Reached XP level 1. HP: 9/9 MP: 5/5
   263 | D:1      | Reached XP level 2. HP: 13/13 MP: 4/6
   625 | D:1      | Found a faded altar of an unknown god.
  1012 | D:1      | Reached skill level 3 in Spellcasting
  1297 | D:2      | Reached XP level 3. HP: 16/16 MP: 6/8
  1750 | D:2      | Noticed Jessica
  1755 | D:2      | Killed Jessica
  1756 | D:2      | Reached XP level 4. HP: 21/21 MP: 3/10
  2260 | D:2      | Found a runed translucent door.
  2261 | D:2      | Noticed Crazy Yiuf
  2432 | D:2      | Killed Crazy Yiuf
  2754 | D:3      | Noticed Robin
  2761 | D:3      | Reached skill level 4 in Spellcasting
  2809 | D:3      | Killed Robin
  2810 | D:3      | Reached XP level 5. HP: 24/24 MP: 0/12
  2951 | D:3      | Noticed Terence
  2972 | D:3      | Killed Terence
  3926 | D:4      | Noticed a black bear
  4164 | D:4      | Found a staircase to the Ecumenical Temple.
  4678 | D:3      | Killed a black bear
  4679 | D:3      | Reached skill level 5 in Spellcasting
  4679 | D:3      | Reached XP level 6. HP: 23/28 MP: 7/14
  4741 | D:4      | Killed from afar by an orc priest

Illustrated notes

Levels and vault maps discovered:
D:1:      heliophobic_arrival_enchanted_forest, layout_rooms,
          shapermc_ecumenical_altar_notcrosses
D:2:      layout_loops_ring, uniq_crazy_yiuf_cottage, uniq_jessica
D:3:      layout_basic, st_stairs_3, minmay_fractal_squares_gapless_5,
          uniq_terence, uniq_robin
D:4:      layout_cave_pools, minmay_temple_entry_arrows

Skill      XL: |  1  2  3  4  5 |
---------------+----------------+-----
Conjurations   | 3 4 |  4.6
Spellcasting   | 3 4 5 |  5.2
Dodging        | 3 |  3.5
Fighting       | |  0.1
Staves         | |  0.2
Stealth        | |  3.7

Action                   |  1- 3 |  4- 6 || total
-------------------------+-------+-------++-------
Melee: Dagger            |    14 |       ||    14
       Quarterstaff      |       |    20 ||    20
 Cast: Magic Dart        |    93 |   136 ||   229
  Use: Potion            |     1 |       ||     1
 Stab: Sleeping          |       |     1 ||     1
Armor: Robe              |     2 |     1 ||     3
Dodge: Dodged            |    16 |    33 ||    49

Table legend: (Time is in decaauts)
 A = Elapsed time spent in this place.
 B = Non-inter-level travel time spent in this place.
 C = Inter-level travel time spent in this place.
 D = Time resting spent in this place.
 E = Time spent auto-exploring this place.
 F = Levels seen in this place.
 G = Mean time per level.
                   A        B        C        D        E       F      G
               +--------+--------+--------+--------+--------+-----+--------+
         Total |   3917 |   3828 |     89 |   1230 |   1921 |   4 |  979.2 |
       Dungeon |   3917 |   3828 |     89 |   1230 |   1921 |   4 |  979.2 |
               +--------+--------+--------+--------+--------+-----+--------+

Top non-repeatable levels by time:
     D:3: 1810 daAuts
     D:2: 1185 daAuts
     D:1: 881 daAuts
     D:4: 40 daAuts
